 Dungeon Crawl Stone Soup version 0.22-a0-433-gd2a9cce (webtiles) character file.

22677 Mgcat the Severer (level 12, -1/106 HPs)
             Began as a Minotaur Berserker on May 27, 2018.
             Was an Elder of Trog.
             Slain by a merfolk javelineer
             ... wielding a +0 vampiric spear
              (4 damage)
             ... on level 3 of the Shoals.
             The game lasted 00:27:34 (6398 turns).

Mgcat the Severer (Minotaur Berserker)              Turns: 6398, Time: 00:27:35

Health: -1/106     AC: 10    Str: 32    XL:     12   Next: 65%
Magic:  11/11      EV: 13    Int:  7    God:    Trog [****..]
Gold:   388        SH:  0    Dex: 12    Spells: 11/11 levels left

rFire    . . .     SeeInvis .   t - +0 war axe
rCold    . . .     Gourm    .   (no shield)
rNeg     + . .     Faith    .   k - +1 ring mail of Incorporation {rN+ Str+4 Int+3}
rPois    .         Spirit   .   (helmet restricted)
rElec    .         Reflect  .   u - scarf {cloud immunity}
rCorr    .         Harm     .   h - +0 pair of gloves
MR       .....                  b - +1 pair of boots
Stlth    ..........             j - amulet of the acrobat
HPRegen  0.27/turn              p - ring of loudness (curse) {Stlth-}
MPRegen  0.12/turn              v - +3 ring of strength

@: barbed spikes
A: retaliatory headbutt, horns 2
a: Berserk, Trog's Hand, Brothers in Arms, Renounce Religion


You were on level 3 of the Shoals.
You worshipped Trog.
Trog was greatly pleased with you.
You were not hungry.

You visited 3 branches of the dungeon, and saw 15 of its levels.

You collected 388 gold pieces.

Inventory:

Hand Weapons
 t - a +0 war axe (weapon)
   (You found it on level 8 of the Dungeon)
Missiles
 q - 4 tomahawks of dispersal {=f}
Armour
 b - a +1 pair of boots (worn)
   (You found it on level 9 of the Dungeon)
 h - a +0 pair of gloves (worn)
   (You found it on level 3 of the Dungeon)
 k - the +1 ring mail of Incorporation (worn) {rN+ Str+4 Int+3}
   (You found it on level 7 of the Dungeon)

   It affects your strength (+4).
   It affects your intelligence (+3).
   It protects you from negative energy.
 u - a scarf of cloud immunity (worn)
   (You found it on level 1 of the Lair of Beasts)
Jewellery
 j - an amulet of the acrobat (around neck)
   (You found it on level 5 of the Dungeon)
 o - an uncursed ring of magical power {MP+9}
   (You found it on level 1 of the Lair of Beasts)
 p - a cursed ring of loudness (left hand) {Stlth-}
   (You found it on level 8 of the Dungeon)
 v - a +3 ring of strength (right hand)
   (You found it on level 2 of the Lair of Beasts)
Wands
 i - a wand of polymorph (8)
   (You took it off Duvessa on level 4 of the Dungeon)
 n - a wand of acid (7)
   (You found it on level 2 of the Lair of Beasts)
 s - a wand of iceblast (2)
   (You took it off Maurice on level 8 of the Dungeon)
Scrolls
 f - a scroll of identify
 l - 4 scrolls of teleportation
Potions
 a - a potion of agility
 e - 3 potions of curing
 r - a potion of might
Comestibles
 c - 13 rations
 d - a chunk of flesh {@w0}


   Skills:
 - Level 10.0 Fighting
 + Level 20.7 Axes
 - Level 5.0 Armour
 - Level 5.0 Dodging


You had 11 spell levels left.
You didn't know any spells.
Your spell library was empty.

Dungeon Overview and Level Annotations

Branches:
Dungeon (9/15)               Lair (3/6) D:9          Shoals (3/4) Lair:2
 Spider (0/4) Lair:2
 Temple: D:4-7          Orc: D:9-12

Altars:

Shops:
D:5 =   D:7 [

Annotations:
D:8 1 exclusion
Lair:3 Harold


Innate Abilities, Weirdness & Mutations

You reflexively headbutt those who attack you in melee.
You have a pair of horns on your head.


Message History

The merfolk avatar is splashed with acid.
The acid corrodes the merfolk avatar!
The merfolk avatar is heavily wounded.
The merfolk avatar chants its luring song.
Your black bear barely misses the merfolk avatar.
Your black bear claws the merfolk avatar. x2
The merfolk avatar chants its luring song.
Evoke which item? (* to show all) (? for menu, Esc to quit)
Okay, then.
Unknown command.
Your black bear misses the merfolk avatar.
Your black bear barely misses the merfolk avatar.
Your black bear claws the merfolk avatar!
Your black bear misses the merfolk avatar.
Your black bear claws the merfolk avatar!
Your black bear barely misses the merfolk avatar.
The drowned soul touches your black bear.
The drowned soul drowns your black bear!
Your black bear splashes around in the water.
Your black bear claws the merfolk avatar!
Your black bear splashes around in the water.
The merfolk avatar chants its luring song.
Your black bear bites the merfolk avatar.
Your black bear splashes around in the water.
Your black bear claws the merfolk avatar.
Evoke which item? (* to show all) (? for menu, Esc to quit)
Aiming: Corrosive Bolt
Press: ? - help, Shift-Dir - straight line, f/p - merfolk avatar
Aim: a merfolk avatar (water, almost dead, covered in acid, mesmerising)
The bolt of acid hits the drowned soul.
The drowned soul is splashed with acid.
The acid corrodes the drowned soul!
The drowned soul is almost destroyed.
The bolt of acid hits the merfolk avatar.
The merfolk avatar is splashed with acid.
You break out of your daze!
You kill the merfolk avatar!
Trog accepts your kill.
Trog appreciates your killing of a magic user.
The drowned soul returns to the deep! x4
You found a teleport trap!
You feel yourself speed up.
Your black bear rages.
Really walk into that teleport trap?
Okay, then.
Unknown command.
Your black bear rages.
There is a stone staircase leading down here.
d - 3 chunks of flesh {@w0} (gained 1)
There is a stone staircase leading down here.
You start resting.
You recover from your berserk rage.
You start resting.
Your black bear is no longer berserk.
Your black bear disappears in a puff of smoke!
Some of the chunks of flesh in your inventory have rotted away.
A merfolk siren comes into view. It is wielding a spear.
A merfolk siren is nearby!
The merfolk siren shouts!
You climb downwards.
A manticore, 2 merfolk, 2 merfolk javelineers and 5 fauns come into view.
A merfolk javelineer is wielding a vampiric spear.
The merfolk shouts! x2; The merfolk javelineer shouts!
The satyr shouts!
The faun shouts! x2
A merfolk comes into view. It is wielding a trident.
The merfolk throws a tomahawk of returning.
The tomahawk of returning closely misses you.
The weapon returns to the merfolk!
A manticore comes into view.
The merfolk throws a tomahawk.
The tomahawk hits you.
A merfolk comes into view. It is wielding a trident.
The faun unwields an uncursed quarterstaff.
The faun wields a hunting sling.
The faun shoots a stone.
The stone hits you!
The faun unwields an uncursed spear.
The faun wields a glowing hunting sling.
It bursts into flame!
The faun shoots a sling bullet.
The sling bullet barely misses you. The satyr hits you but does no damage.
The merfolk javelineer hits you from afar with a vampiric spear!
The merfolk throws a tomahawk.
The tomahawk closely misses you.
The tomahawk hits the plant but does no damage.
The faun hits you from afar with a spear!
* * * LOW HITPOINT WARNING * * *
The satyr splashes around in the water.
There is a stone staircase leading up, spattered with blood here.
Things that are here:
a stone; a tomahawk Unknown command.
Unknown command.
Unknown command.
Unknown command.
The merfolk shouts! x2; You hear an angry hiss.
The manticore flicks its tail.
The volley of spikes hits you!
The barbed spikes become lodged in your body.
* * * LOW HITPOINT WARNING * * *
The faun shoots a sling bullet.
The sling bullet hits you.
* * * LOW HITPOINT WARNING * * *
The sling bullet burns you.
* * * LOW HITPOINT WARNING * * *
The merfolk javelineer hits you from afar with a vampiric spear.
You die...

...........P≈≈≈
.≈.......≈≈≈≈≈≈
.≈≈c≈m....PP≈≈≈
≈≈≈≈≈≈....P≈P≈P
. ....c....≈..≈
.≈.#..ccc.P≈..≈
≈....≈≈≈..m..P≈
.?....≈@#
#.≈..≈≈(#
#..m.≈m.#
..≈.....H
..≈..≈...
.Hm≈≈≈≈≈≈.
≈≈m≈≈≈≈≈≈≈
≈≈≈≈≈≈≈≈≈≈≈


You could see 2 merfolk javelineers, a satyr, 4 merfolk, 4 fauns and 2
manticores.

Vanquished Creatures
  A catoblepas (Lair:2)
  2 merfolk avatars (Shoals:2)
  A two-headed ogre (D:9)
  An alligator snapping turtle (Shoals:2)
  Nergalle (Lair:1)
  3 sea snakes
  6 harpies
  5 elephants
  Maurice (D:8)
  A water nymph (Shoals:2)
  2 merfolk sirens (Shoals:2)
  4 spiny frogs (Lair:1)
  The ghost of nikopol the Magician, a novice DEFE of Vehumet (D:5)
  A merfolk (Shoals:3)
  A troll (D:9)
  A wind drake (Shoals:2)
  12 blink frogs (Lair:2)
  A snapping turtle (Shoals:1)
  2 dream sheep (D:8)
  2 hippogriffs
  2 redbacks (Lair:2)
  Sigmund (D:6)
  A water elemental (Shoals:2)
  2 yaks (D:8)
  A wyvern (D:8)
  Grum (D:8)
  2 water moccasins
  8 porcupines
  Duvessa (D:4)
  2 orc warriors (D:8)
  4 black bears
  An ice beast (D:9)
  A sky beast (D:9)
  2 ogres
  6 centaurs
  11 wolves
  5 crocodiles
  2 big kobolds (D:8)
  3 bullfrogs
  Dowan (D:4)
  2 scorpions
  12 killer bees
  A howler monkey (D:5)
  4 crimson imps
  2 jellies
  2 hounds
  A bullfrog zombie (D:9)
  A centaur skeleton (D:8)
  An orc priest (D:7)
  2 bullfrog skeletons
  Terence (D:2)
  2 iguanas (D:8)
  7 orc wizards
  8 hell rats (D:8)
  15 adders
  5 river rats (D:8)
  A shadow imp (D:9)
  An ooze (D:2)
  3 adder skeletons
  A worm (D:2)
  2 leopard geckos
  25 orcs
  4 giant cockroaches
  A goblin (D:2)
  6 hobgoblins
  11 jackals
  10 quokkas
  A bat (D:2)
  3 frilled lizards (D:2)
  2 kobolds (D:2)
  20 rats
  A fungus (D:9)
264 creatures vanquished.

Vanquished Creatures (others)
  2 fungi
  A plant (Shoals:2)
3 creatures vanquished.

Grand Total: 267 creatures vanquished

Notes
Turn   | Place    | Note
-------+----------+-------------------------------------------
     0 | D:1      | Mgcat the Minotaur Berserker began the quest for the Orb.
     0 | D:1      | Reached XP level 1. HP: 19/19 MP: 0/0
    70 | D:2      | Reached skill level 4 in Axes
    70 | D:2      | Reached XP level 2. HP: 26/26 MP: 1/1
    74 | D:2      | Reached skill level 5 in Axes
   128 | D:2      | Reached XP level 3. HP: 22/31 MP: 2/2
   234 | D:2      | Noticed Terence
   240 | D:2      | Killed Terence
   336 | D:2      | Reached skill level 6 in Axes
   336 | D:2      | Reached XP level 4. HP: 39/39 MP: 3/3
   391 | D:2      | Reached ** piety under Trog
   596 | D:4      | Noticed Duvessa
   596 | D:4      | Noticed Dowan
   603 | D:4      | Killed Dowan
   603 | D:4      | Reached skill level 7 in Axes
   603 | D:4      | Reached XP level 5. HP: 45/45 MP: 4/4
   603 | D:4      | Killed Duvessa
   603 | D:4      | Reached skill level 8 in Axes
   605 | D:4      | Reached XP level 6. HP: 51/51 MP: 5/5
   853 | D:5      | Entered Level 5 of the Dungeon
   926 | D:5      | Reached skill level 9 in Axes
   970 | D:5      | Found Pafrapn's Jewellery Emporium.
   980 | D:5      | Reached XP level 7. HP: 57/57 MP: 6/6
  1054 | D:5      | Noticed nikopol's ghost (novice DEFE)
  1065 | D:5      | Killed nikopol's ghost
  1065 | D:5      | Reached skill level 10 in Axes
  1146 | D:6      | Reached skill level 11 in Axes
  1175 | D:6      | Noticed Sigmund
  1193 | D:6      | Killed Sigmund
  1193 | D:6      | Reached XP level 8. HP: 33/64 MP: 7/7
  1270 | D:7      | Reached skill level 12 in Axes
  1401 | D:7      | Found Tychy's Antique Armour Emporium.
  1411 | D:7      | Got a twisted ring mail
  1422 | D:7      | Identified the +1 ring mail of Incorporation {rN+ Str+4 Int+3} (You found it on level 7 of the Dungeon)
  1601 | D:8      | Reached *** piety under Trog
  1646 | D:8      | Reached skill level 13 in Axes
  1696 | D:8      | Reached skill level 4 in Fighting
  1757 | D:8      | Reached skill level 5 in Fighting
  1758 | D:8      | Reached XP level 9. HP: 74/74 MP: 8/8
  1841 | D:8      | Noticed Grum
  1854 | D:8      | Reached skill level 3 in Armour
  1862 | D:8      | Killed Grum
  1862 | D:8      | Reached skill level 4 in Armour
  2149 | D:8      | Reached skill level 14 in Axes
  2174 | D:8      | Reached skill level 5 in Armour
  2175 | D:8      | HP: 16/74 [killer bee (4)]
  2181 | D:8      | HP: 18/74 [poisoned by a killer bee]
  2186 | D:8      | HP: 15/74 [poisoned by a killer bee]
  2191 | D:8      | HP: 15/74 [poisoned by a killer bee]
  2196 | D:8      | HP: 17/74 [poisoned by a killer bee]
  2202 | D:8      | HP: 16/74 [poisoned by a killer bee]
  2207 | D:8      | HP: 15/74 [poisoned by a killer bee]
  2214 | D:8      | HP: 15/74 [poisoned by a killer bee]
  2222 | D:8      | HP: 15/74 [poisoned by a killer bee]
  2607 | D:8      | Reached skill level 15 in Axes
  2676 | D:8      | Noticed Maurice
  2682 | D:8      | Killed Maurice
  2682 | D:8      | Reached XP level 10. HP: 81/81 MP: 9/9
  2714 | D:8      | Reached **** piety under Trog
  3071 | D:9      | Reached skill level 16 in Axes
  3160 | D:9      | Found a staircase to the Lair.
  3296 | D:9      | Reached skill level 17 in Axes
  3459 | D:9      | Reached skill level 3 in Dodging
  3465 | D:9      | Noticed a two-headed ogre
  3470 | D:9      | Killed a two-headed ogre
  3470 | D:9      | Reached skill level 4 in Dodging
  3591 | Lair:1   | Entered Level 1 of the Lair of Beasts
  3680 | Lair:1   | Noticed a spiny frog
  3685 | Lair:1   | Killed a spiny frog
  3704 | Lair:1   | Noticed a spiny frog
  3718 | Lair:1   | HP: 16/81 [spiny frog (21)]
  3720 | Lair:1   | Killed a spiny frog
  3720 | Lair:1   | Reached skill level 5 in Dodging
  3723 | Lair:1   | HP: 12/81 [poisoned by a spiny frog]
  3728 | Lair:1   | HP: 12/81 [poisoned by a spiny frog]
  3734 | Lair:1   | HP: 9/81 [poisoned by a spiny frog]
  3740 | Lair:1   | HP: 6/81 [poisoned by a spiny frog]
  3746 | Lair:1   | HP: 5/81 [poisoned by a spiny frog]
  3753 | Lair:1   | HP: 4/81 [poisoned by a spiny frog]
  3761 | Lair:1   | HP: 4/81 [poisoned by a spiny frog]
  4055 | Lair:1   | Noticed a spiny frog
  4066 | Lair:1   | Killed a spiny frog
  4066 | Lair:1   | Reached XP level 11. HP: 88/88 MP: 10/10
  4255 | Lair:1   | Noticed Nergalle
  4268 | Lair:1   | Killed Nergalle
  4268 | Lair:1   | Reached skill level 6 in Fighting
  4319 | Lair:2   | Noticed a catoblepas
  4329 | Lair:2   | Killed a catoblepas
  4339 | Lair:2   | Reached skill level 18 in Axes
  4377 | Lair:2   | Reached skill level 7 in Fighting
  4395 | Lair:3   | Noticed an eight-headed hydra
  4479 | Lair:2   | Reached skill level 8 in Fighting
  4552 | Lair:2   | Found a staircase to the Shoals.
  4675 | Lair:2   | Found a dark tunnel.
  4689 | Lair:2   | Found a frozen archway.
  4764 | Lair:2   | Reached skill level 9 in Fighting
  5011 | Lair:2   | Found a hole to the Spider Nest.
  5073 | Lair:3   | Noticed a five-headed hydra
  5081 | Lair:3   | Noticed Harold
  5223 | Shoals:1 | Entered Level 1 of the Shoals
  5223 | Shoals:1 | Noticed a harpy
  5223 | Shoals:1 | Noticed a harpy
  5223 | Shoals:1 | Noticed a harpy
  5229 | Shoals:1 | Killed a harpy
  5229 | Shoals:1 | Reached skill level 10 in Fighting
  5229 | Shoals:1 | Reached skill level 19 in Axes
  5229 | Shoals:1 | Reached XP level 12. HP: 93/106 MP: 11/11
  5676 | Shoals:2 | Noticed an alligator snapping turtle
  5693 | Shoals:2 | Killed an alligator snapping turtle
  5825 | Shoals:2 | Reached ***** piety under Trog
  5872 | Shoals:3 | Noticed a satyr
  5872 | Shoals:3 | Noticed a merfolk impaler
  5875 | Shoals:3 | Reached skill level 20 in Axes
  6091 | Shoals:2 | Noticed a merfolk avatar
  6109 | Shoals:2 | Killed a merfolk avatar
  6272 | Shoals:2 | Noticed a merfolk avatar
  6301 | Shoals:2 | Killed a merfolk avatar
  6397 | Shoals:3 | Noticed a merfolk javelineer
  6397 | Shoals:3 | Noticed a merfolk javelineer
  6397 | Shoals:3 | Noticed a satyr
  6397 | Shoals:3 | HP: 26/106 [faun/spear[a satyr] (14)]
  6398 | Shoals:3 | HP: 9/106 [manticore/volley of spikes (18)]
  6398 | Shoals:3 | HP: 3/106 [faun/sling bullet[a satyr] (2)]
  6398 | Shoals:3 | Slain by a merfolk javelineer

Vault maps used:
D:1:      noname_arrival_rooms_in_the_neighbourhood, st_stairs_12,
          kennysheep_small_spiral, kennysheep_flooded_box, dk_noncrumbling_3
D:2:      nicolae_tso_swordbearing_angel, uniq_terence
D:3:      nicolae_ru_sacrificial_ziggurat, led_sif_pool
D:4:      first_ration, minmay_ogre_servants, uniq_duvessa, uniq_natasha
D:5:      minmay_temple_entry_trees, serial_shops, shop
D:6:      uniq_eustachio, uniq_edmund, uniq_sigmund
D:7:      serial_shops, shop_fountains
D:8:      lemuel_ratsnest, minmay_misc_feat_encased, hangedman_ranch, uniq_grum,
          uniq_maurice
D:9:      minmay_lair_entry_grove
Lair:1:   minmay_hedge_maze, lemuel_fruit_tree, infiniplex_staircase_pool_2,
          uniq_nergalle
Lair:2:   minmay_shoals_entry_centaurs, spider_nest_entry_funnel_web,
          nicolae_volcano_entry_lava_flow, portal_ice_cave_entry_pillars_2
Lair:3:   serial_bayou, serial_bayou_pond_c, serial_bayou_crossing,
          serial_bayou_ford_a, serial_bayou_pond_e, grunt_megastairs_3,
          uniq_sonja, uniq_rupert, uniq_harold
Shoals:1: serial_shops, shop, nicolae_shoals_dead_sea_scrolls
Shoals:2: serial_shops, shop, uniq_frances
Shoals:3: st_sunken_huts

Skill      XL: |  1  2  3  4  5  6  7  8  9 10 11 12 |
---------------+-------------------------------------+-----
Axes           | 4 5 6 7 8 9 11 13 15 17 19 20 | 20.7
Fighting       | 5 10 | 10.0
Armour         | 5 |  5.0
Dodging        | 5 |  5.0

Action                   |  1- 3 |  4- 6 |  7- 9 | 10-12 || total
-------------------------+-------+-------+-------+-------++-------
Melee: Hand axe          |    31 |    91 |     8 |       ||   130
       Headbutt          |     5 |    14 |    30 |    86 ||   135
       War axe           |       |       |   197 |   386 ||   583
Invok: Berserk           |     4 |     4 |    10 |    16 ||    34
       Trog's Hand       |       |     2 |     7 |    10 ||    19
       Brothers in Arms  |       |       |       |     2 ||     2
Evoke: Wand              |       |       |     1 |     9 ||    10
  Use: Scroll            |       |       |     1 |    12 ||    13
       Potion            |       |       |     1 |       ||     1
  Eat: Chunk             |     1 |     6 |    18 |    21 ||    46
       Ration            |       |       |       |     3 ||     3
Armor: Animal skin       |     5 |       |       |       ||     5
       Ring mail         |     3 |    25 |    58 |   102 ||   188
Dodge: Dodged            |    21 |    40 |   139 |   262 ||   462

Table legend:
 A = Spawn XP
 B = Non-spawn XP
 C = Spawn XP percentage of total XP
 D = Spawn monster count
 E = Non-spawn monster count
 F = Spawn count percentage of total count
 G = Total turns spent on level
                    A         B        C        D         E        F      G
               +---------+---------+-------+---------+---------+-------+---------
         Total |       0 |   32396 |   0.0 |       0 |     263 |   0.0 |  6398
               +---------+---------+-------+---------+---------+-------+---------
           D:1 |       0 |       2 |   0.0 |       0 |       1 |   0.0 |   102
           D:2 |       0 |     128 |   0.0 |       0 |      25 |   0.0 |   342
           D:3 |       0 |      38 |   0.0 |       0 |       8 |   0.0 |   152
           D:4 |       0 |     326 |   0.0 |       0 |      13 |   0.0 |   257
           D:5 |       0 |     660 |   0.0 |       0 |       9 |   0.0 |   253
           D:6 |       0 |     418 |   0.0 |       0 |       8 |   0.0 |   138
           D:7 |       0 |     302 |   0.0 |       0 |       9 |   0.0 |   250
           D:8 |       0 |    4149 |   0.0 |       0 |      89 |   0.0 |  1559
           D:9 |       0 |    4078 |   0.0 |       0 |      38 |   0.0 |   538
        Lair:1 |       0 |    2632 |   0.0 |       0 |       6 |   0.0 |   728
        Lair:2 |       0 |    7640 |   0.0 |       0 |      32 |   0.0 |  1225
        Lair:3 |       0 |    1283 |   0.0 |       0 |       5 |   0.0 |    17
      Shoals:1 |       0 |    3587 |   0.0 |       0 |       6 |   0.0 |    96
      Shoals:2 |       0 |    6844 |   0.0 |       0 |      13 |   0.0 |   735
      Shoals:3 |       0 |     309 |   0.0 |       0 |       1 |   0.0 |     6
               +---------+---------+-------+---------+---------+-------+---------

Vault maps used:
D:1:      noname_arrival_rooms_in_the_neighbourhood, st_stairs_12,
          kennysheep_small_spiral, kennysheep_flooded_box, dk_noncrumbling_3
D:2:      nicolae_tso_swordbearing_angel, uniq_terence
D:3:      nicolae_ru_sacrificial_ziggurat, led_sif_pool
D:4:      first_ration, minmay_ogre_servants, uniq_duvessa, uniq_natasha
D:5:      minmay_temple_entry_trees, serial_shops, shop
D:6:      uniq_eustachio, uniq_edmund, uniq_sigmund
D:7:      serial_shops, shop_fountains
D:8:      lemuel_ratsnest, minmay_misc_feat_encased, hangedman_ranch, uniq_grum,
          uniq_maurice
D:9:      minmay_lair_entry_grove
Lair:1:   minmay_hedge_maze, lemuel_fruit_tree, infiniplex_staircase_pool_2,
          uniq_nergalle
Lair:2:   minmay_shoals_entry_centaurs, spider_nest_entry_funnel_web,
          nicolae_volcano_entry_lava_flow, portal_ice_cave_entry_pillars_2
Lair:3:   serial_bayou, serial_bayou_pond_c, serial_bayou_crossing,
          serial_bayou_ford_a, serial_bayou_pond_e, grunt_megastairs_3,
          uniq_sonja, uniq_rupert, uniq_harold
Shoals:1: serial_shops, shop, nicolae_shoals_dead_sea_scrolls
Shoals:2: serial_shops, shop, uniq_frances
Shoals:3: st_sunken_huts

Table legend:
 A = Turns spent in this place as a percentage of turns spent in the entire game.
 B = Non-inter-level travel turns spent in this place as a percentage of non-inter-level travel turns spent in the entire game.
 C = Inter-level travel turns spent in this place as a percentage of turns spent in this place.
 D = Turns resting spent in this place as a percentage of non-inter-level travel turns spent in this place.
 E = Turns spent auto-exploring this place as a percentage of non-inter-level travel turns spent in this place.
 F = Non-inter-level travel turns spent in this place divided by the number of levels of this place that you've seen.
                   A       B       C       D       E      F
               +-------+-------+-------+-------+-------+----------------------
         Total | 100.0 | 100.0 |   3.4 |  16.2 |  50.5 | 412.2
       Dungeon |  56.1 |  56.2 |   3.3 |   4.9 |  57.3 | 385.8
          Lair |  30.8 |  31.1 |   2.3 |  21.2 |  55.2 | 641.7
        Shoals |  13.1 |  12.7 |   6.1 |  54.3 |   8.9 | 262.0
               +-------+-------+-------+-------+-------+----------------------

Table legend:
 A = Kills in this place as a percentage of kills in entire the game.
 B = Kills by you in this place as a percentage of kills by you in the entire game.
 C = Kills by friends in this place as a percentage of kills by friends in the entire game.
 D = Other kills in this place as a percentage of other kills in the entire game.
 E = Experience gained in this place as a percentage of experience gained in the entire game.
 F = Experience gained in this place divided by the number of levels of this place that you have seen.
                   A       B       C       D       E      F
               +-------+-------+-------+-------+-------+----------------------
         Total | 100.0 | 100.0 |   N/A |   N/A | 100.0 | 2159.7
       Dungeon |  76.0 |  76.0 |   N/A |   N/A |  31.2 | 1122.3
          Lair |  16.3 |  16.3 |   N/A |   N/A |  35.7 | 3851.7
        Shoals |   7.6 |   7.6 |   N/A |   N/A |  33.2 | 3580.0
               +-------+-------+-------+-------+-------+----------------------
